AoeStats
← coolbeans

Arabia

506681132Analyzed
1v1 RM · 17d ago on Sep 14, 2026· 47m 23s· 2 players
Game mode
Random Map
Map size
Tiny (2 player)
Population
200
Speed
Normal
Resources
Standard
Victory
Conquest
Starting age
Dark Age
Ending age
Imperial Age
RankedLock teamsTeams togetherTeam positionsShared explorationLock speedFull tech treeHidden civsTurbo modeCheats
Victory
Defeat
🇲🇽 Turks · Mexico
1112
+18
🇩🇪 Vietnamese · Germany
1159
-18
martinbezanilla13
6:47 Loom
9:38 Feudal Age
11:34 Double-Bit Axe
11:31 Horse Collar
21:40 Castle Age
21:10 Scale Barding Armor
21:47 Bloodlines
21:38 Fletching
23:00 Bodkin Arrow
24:12 Padded Archer Armor
29:20 Thumb Ring
31:56 Town Watch
42:18 Imperial Age
40:49 Bow Saw
41:05 Ballistics
40:30 Treadmill Crane
43:15 Bracer
42:38 Heavy Cavalry Archer
45:19 Chain Barding Armor
45:14 Leather Archer Armor
47:27 Parthian Tactics
47:56 Conscription
coolbeans
4:09 Loom
7:56 Loom
10:16 Feudal Age
11:04 Double-Bit Axe
11:57 Wheelbarrow
15:07 Horse Collar
16:59 Gold Mining
18:53 Fletching
24:36 Castle Age
22:50 Padded Archer Armor
25:13 Bodkin Arrow
25:34 Leather Archer Armor
24:57 Crossbowman
26:02 Bow Saw
26:13 Hand Cart
26:35 Heavy Plow
32:51 Ballistics
41:26 Imperial Age
43:16 Imperial Age
42:47 Light Cavalry
43:37 Bloodlines
43:28 Husbandry
43:35 Scale Barding Armor
43:40 Forging
43:50 Stone Mining
44:17 Bracer
45:58 Chemistry
45:20 Pikeman
46:01 Squires
46:39 Scale Mail Armor
46:49 Forging
Connection lost

Rejoining the realm…

Still unreachable

The connection could not be restored.

Session expired

The server has moved on; the page needs a fresh start.